 Dungeon Crawl Stone Soup version 0.29.1-2-gbd0b4ee654 (webtiles) character file.

Game seed: 3213086117859447689

147 Icepheonix32 the Insei (level 5, 0/33 HPs)
             Began as an Octopode Transmuter on Nov 20, 2022.
             Slain by an orc wizard
             ... wielding a +0 dagger
              (1 damage)
             ... on level 3 of the Dungeon.
             The game lasted 00:02:02 (2167 turns).

Icepheonix32 the Insei (Octopode Transmuter)        Turns: 2167, Time: 00:02:02

Health: 0/33       AC:  1    Str: 10    XL:     5   Next: 29%
Magic:  8/8        EV: 13    Int: 15    God:
Gold:   121        SH:  0    Dex: 14    Spells: 8/9 levels left

rFire   . . .      SeeInvis .   q - +2 short sword (venom)
rCold   . . .      Faith    .   (no shield)
rNeg    . . .      Spirit   .   (helmet restricted)
rPois   +          Reflect  .   (no amulet)
rElec   .          Harm     .   f - ring of poison resistance
rCorr   .          Rampage  .   (no ring)
Will    .....                   (no ring)
Stlth   +++.......              (no ring)
HPRegen 0.11/turn               (no ring)
MPRegen 0.11/turn               (no ring)
                                (no ring)
                                (no ring)

@: no status effects
A: almost no armour, amphibious, 8 rings, camouflage 1, gelatinous body 1,
(nimble swimmer 1), tentacles
a: no special abilities


You were on level 3 of the Dungeon.
You visited 1 branch of the dungeon, and saw 3 of its levels.

You collected 121 gold pieces.

Inventory:

Hand Weapons
 l - a +1 dagger of venom
 q - a +2 short sword of venom (weapon)
Armour
 d - an orb of mayhem
Jewellery
 f - a ring of poison resistance (left tentacle)
Scrolls
 c - a scroll of teleportation
 i - a scroll of amnesia {unknown}
 k - a scroll of enchant armour {unknown}
 m - a scroll of enchant weapon {unknown}
 n - a scroll of magic mapping {unknown}
Potions
 a - a potion of lignification
 g - 2 potions of might {unknown}
 j - a potion of attraction
 o - 2 potions of heal wounds {unknown}
 p - 2 potions of degeneration {unknown}


   Skills:
 + Level 1.1 Fighting
 + Level 2.4 Dodging
 + Level 3.1 Stealth
 + Level 4.2 Unarmed Combat
 + Level 2.6 Spellcasting
 + Level 2.5 Transmutations


You had 8 spell levels left.
You knew the following spells:

 Your Spells              Type           Power      Damage    Failure   Level
a - Beastly Appendage     Tmut           18%        N/A       8%          1

Your spell library contained the following spells:

 Spells                   Type           Power      Damage    Failure   Level
 Wereblood                Tmut           9%         N/A       11%         2
 Apportation              Tloc           2%         N/A       22%         1
 Necrotise                Necr           4%         1d4       22%         1
 Summon Small Mammal      Summ           4%         N/A       22%         1
 Spider Form              Tmut/Pois      5%         N/A       36%         3
 Gell's Gravitas          Tloc           1%         N/A       54%         3
 Lesser Beckoning         Tloc           1%         N/A       54%         3
 Teleport Other           Tloc           1%         N/A       54%         3
 Ice Form                 Ice/Tmut       5%         N/A       77%         4


Dungeon Overview and Level Annotations

Branches:
Dungeon (3/15)

Altars:
Ashenzari


Innate Abilities, Weirdness & Mutations

You cannot wear most types of armour.
You are amphibious.
You can wear up to eight rings at the same time.
Your skin changes colour to match your surroundings (Stealth+).
Your rubbery body absorbs attacks. (AC +1, EV +1)
((You are camouflaged when in or above water. (Stealth+)))
You have tentacles for arms and can constrict up to eight enemies at once.


Message History

You constrict Jessica.
You kill Jessica!
Your Stealth skill increases to level 3!
Items here: ! ) [ †.
p - 2 lumpy orange potions (gained 1)
Found a sapphire potion.
You feel a little less clever now.
Casting: Beastly Appendage (safe; 8% risk of failure)
Confirm with . or Enter, or press ? or * to list all spells.
One of your tentacles grows a vicious spike.
The orc wizard gestures wildly while chanting.
The orc wizard flickers and vanishes!
Deactivating autopickup; reactivate with Ctrl-A.
You closely miss something. Something hits you.
You barely miss something.
Your tentacle spike misses something.
Something hits you.
You miss something.
Your tentacle spike misses something.
You squeeze something. Something barely misses you.
You hit something.
You hear some strange, mumbled words.
Something tries to affect you, but you resist.
You closely miss something. Something hits you.
You closely miss something.
Your tentacle spike misses something.
Your tentacle-slap misses something.
Something hits you.
You closely miss something.
Your tentacle spike misses something.
Something hits you.
You closely miss something.
Your tentacle spike misses something.
Something barely misses you. Something hits you.
You miss something.
Your tentacle spike misses something.
Your tentacle-slap misses something.
You squeeze something.
Your tentacle spike disappears.
Something hits you.
* * * LOW HITPOINT WARNING * * *
You hit something but do no damage. Your squeeze misses something.
Something hits you.
* * * LOW HITPOINT WARNING * * *
You miss something.
Your tentacle-slap misses something.
Something hits you.
* * * LOW HITPOINT WARNING * * *
You miss something. Something hits you.
You die...

######
####.....
.......#
###......
.....#..######
#.....o{@..#
#....<####.#
#....#..# #.#
...>.........#
#.#o#######..#
.. !..# ..
#...# o #...#
....#


You could see an orc.

Vanquished Creatures
  A hound (D:2)
  Jessica (D:3)
  4 adders (D:2)
  2 dart slugs
  6 ball pythons
  3 endoplasms
  2 giant cockroaches
  3 goblins
  5 hobgoblins
  2 jackals (D:1)
  2 quokkas
  6 bats
  4 frilled lizards
  5 kobolds
  5 rats
51 creatures vanquished.

Notes
Turn   | Place    | Note
-------+----------+-------------------------------------------
     0 | D:1      | Icepheonix32 the Octopode Transmuter began the quest for
                  | the Orb.
     0 | D:1      | Reached XP level 1. HP: 13/13 MP: 3/3
   158 | D:1      | Reached XP level 2. HP: 17/18 MP: 1/5
   661 | D:1      | Reached skill level 1 in Stealth
   719 | D:1      | Found a faded altar of an unknown god.
   726 | D:1      | Reached XP level 3. HP: 22/23 MP: 4/6
  1455 | D:2      | Reached XP level 4. HP: 26/28 MP: 5/7
  1650 | D:2      | Found a broken altar of Ashenzari.
  1807 | D:2      | Reached skill level 4 in Unarmed Combat
  1872 | D:2      | Reached XP level 5. HP: 21/33 MP: 8/8
  2140 | D:3      | Noticed Jessica
  2143 | D:3      | Killed Jessica
  2166 | D:3      | HP: 1/33 [something (4)]
  2167 | D:3      | Slain by an orc wizard

Illustrated notes

Levels and vault maps discovered:
D:1:      spicycebolla_arrival_xxxplode, layout_basic,
          ebering_ecumenical_altar_abandoned
D:2:      layout_rooms, basic_altar, grunt_ministairs_8
D:3:      layout_basic, gammafunk_ghost_grave, serial_shops,
          nicolae_shop_statue_plus, minmay_goblin_kobold_house, uniq_jessica

Skill      XL: |  1  2  3  4  5 |
---------------+----------------+-----
Stealth        | 1 2 3 |  3.1
Unarmed Combat | 4 |  4.2
Fighting       | |  1.1
Dodging        | |  2.4
Spellcasting   | |  2.6
Transmutations | |  2.5

Action                   |  1- 3 |  4- 6 || total
-------------------------+-------+-------++-------
Melee: Unarmed           |    66 |    33 ||    99
       Constrict         |    21 |     9 ||    30
       Tentacles         |     9 |     8 ||    17
       Kick              |    19 |     5 ||    24
       Punch             |     3 |     2 ||     5
       Short sword       |       |    14 ||    14
 Cast: Beastly Appendage |    18 |     9 ||    27
  Use: Scroll            |       |     3 ||     3
       Potion            |       |     1 ||     1
 Stab: Sleeping          |     8 |     3 ||    11
Armor: Skin              |    11 |     3 ||    14
Dodge: Dodged            |    35 |    18 ||    53
